 Dungeon Crawl Stone Soup version 0.27-a0-1193-g8631133539 (webtiles) character file.

Game seed: 9146397667074002493

71 Sweetruy1997 the Covered (level 4, 0/40 (42) HPs)
             Began as a Deep Dwarf Fighter on May 26, 2021.
             Slain by a flying skull (7 damage)
             ... created by the anger of Yredelemnul
             ... on level 2 of the Dungeon.
             The game lasted 00:04:03 (1349 turns).

Sweetruy1997 the Covered (Deep Dwarf Fighter)       Turns: 1349, Time: 00:04:04

HP:   0/40 (42)     AC:  7    Str: 20    XL:     4   Next: 5%
MP:   4/4           EV:  7    Int:  9    God:
Gold: 31            SH:  9    Dex: 12    Spells: 3/3 levels left

rFire    . . .     SeeInvis .   l - +2 dagger (pain)
rCold    . . .     Faith    .   c - +0 kite shield
rNeg     . . .     Spirit   .   b - +0 scale mail
rPois    .         Reflect  .   (no helmet)
rElec    .         Harm     .   (no cloak)
rCorr    .         Rampage  .   (no gloves)
Will     .....                  (no boots)
Stlth    ..........             (no amulet)
HPRegen  0.00/turn              (no ring)
MPRegen  0.09/turn              (no ring)

@: about to teleport, lightly drained
A: damage resistance, heal wounds, sense surroundings 1, no regeneration
a: Heal Wounds


You were on level 2 of the Dungeon.
You visited 1 branch of the dungeon, and saw 2 of its levels.

You collected 31 gold pieces.

Inventory:

Hand Weapons
 l - a +2 dagger of pain (weapon)
Armour
 b - a +0 scale mail (worn)
 c - a +0 kite shield (worn)
Jewellery
 j - a +6 ring of strength
 o - an amulet of magic regeneration
Scrolls
 g - a scroll of teleportation
 h - a scroll of fog {unknown}
 i - a scroll of identify {unknown}
Potions
 a - a potion of resistance {unknown}
 d - a potion of might
 e - a potion of heal wounds {unknown}
 f - a potion of haste {unknown}
 k - a potion of curing
 m - a potion of flight {unknown}
 n - a potion of berserk rage {unknown}


   Skills:
 - Level 3.0 Fighting
 + Level 0.3 Short Blades
 - Level 3.3 Axes
 + Level 3.9 Armour
 + Level 0.5 Dodging
 + Level 3.7 Shields


You had 3 spell levels left.
You didn't know any spells.
Your spell library contained the following spells:

 Spells                   Type           Power      Damage    Failure   Level
 Animate Skeleton         Necr           0%         N/A       99%         1
 Pain                     Necr           0%         1d4       99%         1
 Vampiric Draining        Necr           0%         2d6       100%        3
 Animate Dead             Necr           0%         N/A       100%        4
 Agony                    Necr           0%         N/A       100%        5


Dungeon Overview and Level Annotations

Branches:
Dungeon (2/15)

Altars:
Yredelemnul


Innate Abilities, Weirdness & Mutations

You are resistant to damage.
You can heal yourself by infusing magical energy.
You passively map a small area around you.
You do not regenerate.


Message History

The ball python constricts you. The ball python barely misses you.
The ball python constricts you.
You hit the ball python.
You kill the ball python!
You see here a ball python corpse.
o - an amulet of magic regeneration
Found a robe.
No target in view!
Yredelemnul's anger turns toward you for a moment.
The bolt of negative energy hits you!
You feel drained.
Found a stone staircase leading up.
There is a stone staircase leading up here.
You see here 11 stones.
Items here: ( )) [[.
Found a leather armour.
Yredelemnul sends servants to punish you. 3 flying skulls come into view.
You miss the flying skull.
The flying skull hits you but does no damage.
The flying skull hits you!
You miss the flying skull. You block the flying skull's attack.
The flying skull barely misses you. The flying skull hits you!
You puncture the flying skull!
The flying skull is moderately damaged.
The flying skull hits you.
The flying skull hits you but does no damage.
You block the flying skull's attack. The flying skull hits you!
* * * LOW HITPOINT WARNING * * *
As you read the scroll labelled MYH JEAWNATOG, it crumbles to dust.
You feel strangely unstable.
It was a scroll of teleportation.
You block the flying skull's attack. The flying skull hits you. x2
* * * LOW HITPOINT WARNING * * *
The flying skull hits you.
* * * LOW HITPOINT WARNING * * *
It was a potion of curing.
You feel better. The flying skull barely misses you. x2
You hit the flying skull.
The flying skull is heavily damaged.
The flying skull hits you but does no damage. x3
The flying skull hits you!
You die...

### #..# #.######.# ..#
#..# #........# #.###..#
########.# .......# #.....#
#.###.## #.###.# ......#
#.###.#### ..#####
#........# #.#
##############..#####.# #.#
#.....z@zz.[.#. * #.# #.#
#.##########.# ,* #†# #.#
#.# #.## #.# #.# #.#
#.##.#####.#
#.########.######
#.##.......#
#.#.............#
#.#####.####
#.....#.##..###.# #.# #.#
###.#.#.##..# #.# #.# #.#
#.#.#.##..###.#####.#####.#


You could see 3 flying skulls.

Vanquished Creatures
  Robin (D:2)
  An adder (D:2)
  A worm (D:2)
  7 ball pythons
  5 endoplasms
  A giant cockroach (D:2)
  8 goblins
  10 hobgoblins
  2 quokkas
  2 frilled lizards (D:1)
  2 kobolds
  3 rats
43 creatures vanquished.

Notes
Turn   | Place    | Note
-------+----------+-------------------------------------------
     0 | D:1      | Sweetruy1997 the Deep Dwarf Fighter began the quest for the
                  | Orb.
     0 | D:1      | Reached XP level 1. HP: 20/20 MP: 1/1
   284 | D:1      | Reached XP level 2. HP: 27/27 MP: 2/2
   302 | D:1      | Found a faded altar of an unknown god.
   613 | D:1      | Became a worshipper of Yredelemnul the Dark
   613 | D:1      | Reached * piety under Yredelemnul
   614 | D:1      | Fell from the grace of Yredelemnul
   665 | D:2      | Reached XP level 3. HP: 31/33 MP: 3/3
   846 | D:2      | Noticed Robin
   865 | D:2      | Killed Robin
  1063 | D:2      | Reached XP level 4. HP: 39/42 MP: 4/4
  1343 | D:2      | Noticed a flying skull
  1343 | D:2      | Noticed a flying skull
  1343 | D:2      | Noticed a flying skull
  1347 | D:2      | HP: 1/40 [flying skull[the anger of Yredelemnul] (2)]
  1349 | D:2      | Slain by a flying skull

Illustrated notes

Levels and vault maps discovered:
D:1:      evilmike_arrival_rings, layout_basic,
          ebering_ecumenical_altar_petrified, kennysheep_pointless_box
D:2:      layout_loops_ring, minmay_tetromino_o4, uniq_robin

Skill      XL: |  1  2  3 |
---------------+----------+-----
Axes           | 3 |  3.3
Fighting       | 3 |  3.0
Short Blades   | |  0.3
Armour         | |  3.9
Dodging        | |  0.5
Shields        | |  3.7

Action                   |  1- 3 |  4- 6 || total
-------------------------+-------+-------++-------
Melee: War axe           |    74 |       ||    74
       Dagger            |    28 |    10 ||    38
Invok: Renounce Religion |     1 |       ||     1
 Abil: Heal Wounds       |     1 |       ||     1
  Use: Scroll            |       |     1 ||     1
       Potion            |       |     1 ||     1
Armor: Scale mail        |    41 |     5 ||    46
Dodge: Dodged            |    23 |     4 ||    27
Block: Kite shield       |    37 |     5 ||    42

Table legend: (Time is in decaauts)
 A = Elapsed time spent in this place.
 B = Non-inter-level travel time spent in this place.
 C = Inter-level travel time spent in this place.
 D = Time resting spent in this place.
 E = Time spent auto-exploring this place.
 F = Levels seen in this place.
 G = Mean time per level.
                   A        B        C        D        E       F      G
               +--------+--------+--------+--------+--------+-----+--------+
         Total |   1400 |   1333 |     67 |    100 |    951 |   2 |  700.0 |
       Dungeon |   1400 |   1333 |     67 |    100 |    951 |   2 |  700.0 |
               +--------+--------+--------+--------+--------+-----+--------+

Top non-repeatable levels by time:
     D:2: 741 daAuts
     D:1: 658 daAuts
